 Dungeon Crawl Stone Soup version 0.24-a0-416-g56ce5178b7 (webtiles) character file.

Game seed: 10366347777917252510

13 Amnesiac the Insei (level 2, -4/27 HPs)
             Began as an Octopode Transmuter on June 9, 2019.
             Killed from afar by an orc wizard (7 damage)
             ... with a magic dart
             ... on level 3 of the Dungeon.
             The game lasted 00:01:27 (454 turns).

Amnesiac the Insei (Octopode Transmuter)             Turns: 454, Time: 00:01:28

Health: -4/27      AC: 21    Str:  9    XL:     2   Next: 37%
Magic:  1/5        EV:  2    Int: 20    God:
Gold:   17         SH:  0    Dex: 12    Spells: 2/5 levels left

rFire    . . .     SeeInvis .     - Unarmed
rCold    . . .     Gourm    .   (no shield)
rNeg     + + +     Faith    .   (helmet currently unavailable)
rPois    +         Spirit   .   j - amulet of magic regeneration (curse)
rElec    .         Reflect  .   (no ring)
rCorr    .         Harm     .   (no ring)
MR       .....     NoTele   +   (no ring)
Stlth    +.........             (no ring)
HPRegen  0.09/turn              (no ring)
MPRegen  0.34/turn              (no ring)
                                (no ring)
                                (no ring)

@: brilliant, tree-form, very slightly contaminated
A: almost no armour, stealthy swim, (amphibious), 8 rings, (constrict 8)
a: no special abilities


You were on level 3 of the Dungeon.
You were not hungry.
You were a tree.
You visited 1 branch of the dungeon, and saw 4 of its levels.

You collected 17 gold pieces.

Inventory:

Hand Weapons
 h - a +2 dagger of freezing
Missiles
 a - 8 arrows
 e - 5 stones (quivered)
Jewellery
 j - a cursed amulet of magic regeneration (around neck)
Scrolls
 d - a scroll of noise {!r, unknown}
 g - 3 scrolls of identify {!r, unknown}
Potions
 b - a potion of brilliance {!q}
Comestibles
 c - 2 rations


   Skills:
 - Level 1.0 Fighting
 - Level 2.0 Dodging
 + Level 3.0 Unarmed Combat
 - Level 2.0 Spellcasting
 + Level 3.0 Transmutations


You had 2 spell levels left.
You knew the following spells:

 Your Spells              Type           Power        Failure   Level  Hunger
a - Beastly Appendage     Tmut           ####..       1%          1    #......
b - Sticks to Snakes      Tmut           ####....     1%          2    ##.....

Your spell library contained the following spells:

 Spells                   Type           Power        Failure   Level  Hunger
 Spider Form              Tmut/Pois      ###.......   3%          3    ###....
 Ice Form                 Ice/Tmut       ###.....     10%         4    #####..
 Blade Hands              Tmut           ####......   13%         5    ######.


Dungeon Overview and Level Annotations

Branches:
Dungeon (4/15)
 Temple: D:4-7

Altars:


Innate Abilities, Weirdness & Mutations

You cannot wear most types of armour.
You are very stealthy in the water. (Stealth+)
((You are amphibious.))
You can wear up to eight rings at the same time.
((You can use your tentacles to constrict eight enemies at once.))
((Your skin changes colour to match your surroundings (Stealth+).))
((Your rubbery body absorbs attacks. (AC +1, EV +1)))


Message History

You tentacle-slap the ooze.
The ooze is lightly wounded.
The orc wizard gestures at you while chanting.
The magic dart hits your adder! The ooze barely misses you.
You barely miss the ooze.
The ooze is lightly wounded.
The orc wizard barely misses your adder.
The ooze closely misses you.
All of the chunks of flesh in your inventory have rotted away.
You barely miss the ooze.
The ooze is lightly wounded.
The orc wizard hits your adder but does no damage.
The ooze hits you.
* * * LOW HITPOINT WARNING * * *
You tentacle-slap the ooze but do no damage.
The ooze is lightly wounded.
The orc wizard hits your adder with a +0 dagger of protection.
Your adder dies!
The ooze hits you.
* * * LOW HITPOINT WARNING * * *
Casting: Sticks to Snakes (safe; 11% risk of failure)
Confirm with . or Enter, or press ? or * to list all spells.
You create a snake!
You now have 10 arrows.
The ooze closely misses you.
You tentacle-slap the ooze. You squeeze the ooze.
The ooze is severely wounded.
The giant cockroach closely misses your ball python.
The ooze closely misses you.
The orc wizard gestures wildly while chanting.
The orc wizard seems to speed up.
You tentacle-slap the ooze.
You kill the ooze!
Training target 3.0 for Transmutations reached!
Your Transmutations skill increases to level 3!
You need to enable at least one skill for training.
The giant cockroach bites your ball python.
The orc wizard hits you but does no damage.
Really quaff
b - 2 brown potions {!q}?
It was a potion of brilliance {!q}.
You feel clever all of a sudden.
The orc wizard hits you with a +0 dagger of protection.
* * * LOW HITPOINT WARNING * * *
The giant cockroach misses your ball python.
Your ball python grabs the giant cockroach.
Your ball python constricts the giant cockroach.
The orc wizard hits you with a +0 dagger of protection.
* * * LOW HITPOINT WARNING * * *
The giant cockroach completely misses your ball python.
Really quaff
i - a murky white potion {!q}?
It was a potion of lignification {!q}.
You turn into a tree.
Your roots penetrate the ground.
The orc wizard hits you but does no damage.
Your ball python constricts the giant cockroach.
The giant cockroach bites your ball python.
Your ball python dies!
Casting: Sticks to Snakes (safe; 1% risk of failure)
Confirm with . or Enter, or press ? or * to list all spells.
You create a snake!
You now have 9 arrows.
The orc wizard hits you but does no damage. x2
Casting: Sticks to Snakes (safe; 1% risk of failure)
Confirm with . or Enter, or press ? or * to list all spells.
You create a snake!
You now have 8 arrows.
The orc wizard points at you and mumbles some strange words.
The magic dart hits you!
You die...

.## ...# #..#
#..## ########...
... #oo♣Ss...#
#.####S########
#..>##.#
####o..o###
#.........#
#.....###.###...
##...).........#
#.............##
##......####......


You could see an orc wizard, an orc, a giant cockroach, a friendly adder and a
friendly ball python.

Vanquished Creatures
  An ooze (D:3)
  A ball python (D:3)
  A giant cockroach (D:3)
  A goblin (D:1)
  A bat (D:1)
  3 kobolds
  2 rats (D:3)
10 creatures vanquished.

Notes
Turn   | Place    | Note
-------+----------+-------------------------------------------
     0 | D:1      | Amnesiac the Octopode Transmuter began the quest for the
                  | Orb.
     0 | D:1      | Reached XP level 1. HP: 13/13 MP: 3/3
   214 | D:3      | Reached XP level 2. HP: 15/18 MP: 5/5
   221 | D:3      | Learned a level 2 spell: Sticks to Snakes
   454 | D:3      | Killed from afar by an orc wizard

Levels and vault maps discovered:
D:1:      minmay_arrival_checkered_box, layout_basic
D:2:      layout_loops_ring
D:3:      layout_rooms, tgw_sif, minmay_misc_feat_alley, xom_teletrap_fun
D:4:      layout_cave_pools, nicolae_tso_besieged_by_evil,
          minmay_temple_entry_sparse_star, first_ration, serial_shops, shop,
          uniq_pikel

Skill      XL: |  1  2 |
---------------+-------+-----
Transmutations | 3 |  3.0
Fighting       | |  1.0
Dodging        | |  2.0
Unarmed Combat | |  3.0
Spellcasting   | |  2.0

Action                   || total
-------------------------++-------
Melee: Unarmed           ||    26
       Constrict         ||     4
       Tentacles         ||     3
 Cast: Sticks to Snakes  ||     4
  Use: Potion            ||     2
 Stab: Sleeping          ||     4
Armor: Skin              ||     4
Dodge: Dodged            ||    11

Table legend:
 A = Non-vault XP
 B = Vault XP
 C = Vault XP percentage of total XP
 D = Non-vault monster count
 E = Vault monster count
 F = Vault count percentage of total count
                 A         B        C        D         E       F
            +---------+---------+-------+---------+---------+-------
      Total |      19 |       0 |   0.0 |      10 |       0 |   0.0
            +---------+---------+-------+---------+---------+-------
        D:1 |       5 |       0 |   0.0 |       4 |       0 |   0.0
        D:2 |       1 |       0 |   0.0 |       1 |       0 |   0.0
        D:3 |      13 |       0 |   0.0 |       5 |       0 |   0.0
            +---------+---------+-------+---------+---------+-------
